 Dungeon Crawl Stone Soup version 0.31-a0-354-g827e0957a7 (webtiles) character file.

Game seed: 8268812346946632769

389 Shard1697 the Ruffian (level 6, -2/47 HPs)
             Began as a Draconian Shapeshifter on July 24, 2023.
             Slain by an ogre
             ... wielding a +0 giant club
              (20 damage)
             ... on level 4 of the Dungeon.
             The game lasted 00:04:03 (2824 turns).

Shard1697 the Ruffian (Draconian Shapeshifter)      Turns: 2824, Time: 00:04:03

Health: -2/47      AC:  6    Str: 17    XL:     6   Next: 50%
Magic:  6/6        EV: 12    Int:  8    God:
Gold:   250        SH:  0    Dex: 14    Spells: 5/5 levels left

rFire   . .          .
                       - Unarmed
rCold   . . .        (no shield)
rNeg    + . .        (body armour unavailable)
rPois   .            (helmet currently unavailable)
rElec   .            (cloak currently unavailable)
rCorr   .            (gloves currently unavailable)
SInv    .            (boots currently unavailable)
Will    .....        (no amulet)
Stlth   +            l - ring of positive energy
HPRegen 0.27/turn    (no ring)
MPRegen 0.10/turn

%: no passive effects
@: beast-form
A: beast (slay +3), AC +6, unfitting armour, cold-blooded
a: Begin Untransformation


You were on level 4 of the Dungeon.
You were a hulking beast.
You visited 1 branch of the dungeon, and saw 4 of its levels.

You collected 250 gold pieces.

Inventory:

Hand Weapons
 b - a +2 trident of venom
Armour
 p - a +0 pair of gloves
Jewellery
 l - a ring of positive energy (left hand)
 m - a ring of fire
Talismans
 o - a maw talisman
 u - a beast talisman
Wands
 s - a wand of polymorph (1)
Scrolls
 c - 4 scrolls of revelation {unknown}
 d - a scroll of teleportation {unknown}
 e - a scroll of immolation {unknown}
 h - a scroll of blinking {unknown}
 i - a scroll of enchant weapon {unknown}
 j - a scroll of poison {unknown}
 n - 2 scrolls of identify {unknown}
 q - a scroll of vulnerability {unknown}
 r - a scroll of butterflies {unknown}
Potions
 a - a potion of lignification
 f - 4 potions of curing {unknown}
 g - a potion of heal wounds {unknown}
 k - a potion of berserk rage {unknown}
 t - a potion of attraction {unknown}


   Skills:
 - Level 1.1 Fighting
 - Level 1.7 Dodging
 - Level 5.7 Unarmed Combat
 + Level 4.8 Shapeshifting


You had 5 spell levels left.
You didn't know any spells.
Your spell library contained the following spells:

 Spells                   Type           Power      Damage    Failure   Level
 Shock                    Conj/Air       0%         1d3       41%         1
 Summon Small Mammal      Summ           0%         N/A       41%         1
 Sublimation of Blood     Necr           0%         N/A       54%         2
 Wereblood                Tmut           0%         N/A       54%         2
 Call Canine Familiar     Summ           0%         N/A       78%         3
 Dazzling Flash           Conj/Hex       0%         N/A       78%         3
 Summon Guardian Golem    Hex/Summ       0%         N/A       78%         3
 Swiftness                Air            0%         N/A       78%         3
 Airstrike                Air            0%         2d(0-16)  99%         4
 Agony                    Necr           0%         N/A       100%        5
 Silence                  Hex/Air        0%         N/A       100%        5
 Summon Hydra             Summ           0%         N/A       100%        7


Dungeon Overview and Level Annotations

Branches:
Dungeon (4/15)
 Temple: D:4-7

Altars:


Innate Abilities, Weirdness & Mutations

You are a hulking beast.
Your limbs bulge with bestial killing power. (Slay +3)
Your plain brown scales are hard. (AC +6)
You cannot fit into any form of body armour.
You are cold-blooded and may be slowed by cold attacks.


Message History

The black bear bites you.
The black bear claws you but does no damage. x2
You hit the black bear.
The black bear is severely wounded.
The black bear misses you. x2
The black bear claws you but does no damage.
You barely miss the black bear.
The black bear is severely wounded.
The black bear bites you! The black bear closely misses you.
The black bear claws you but does no damage.
You hit the black bear.
The black bear is severely wounded.
The black bear goes berserk!
You closely miss the black bear.
The black bear is severely wounded.
The black bear misses you. x2; The black bear claws you.
You hit the black bear. You tail-slap the black bear. You punch the black bear.
You kill the black bear!
The ogre shouts!
There is a stone staircase leading up here.
You climb upwards.
There is a stone staircase leading down here.
You start resting.
HP restored.
You climb downwards.
There is a stone staircase leading up here.
Okay, then.
You hit the ogre.
The ogre is lightly wounded.
The ogre barely misses you.
You hit the ogre.
The ogre is moderately wounded.
You closely miss the ogre.
The ogre is moderately wounded.
The ogre hits you with a +0 giant club!!
Ouch! That really hurt!
You hit the ogre. You tail-slap the ogre.
The ogre is moderately wounded.
The ogre hits you with a +0 giant club!!
You die...

#...........
##....#.###
###....#...
#...)###.#.#
####.###...#
##........# #
#..###.##.# #
#######.## #.##
..
#....hO.####..#
#...
#...........#.#
#...
#......####.#.##
..... ########
#...h##.....
####........
##.#.....
....##.# #.#...#
#. ##...


You could see an ogre.

Vanquished Creatures
  A black bear (D:4)
  2 scorpions
  An orc priest (D:4)
  A gnoll (D:1)
  6 adders
  An ufetubus (D:4)
  3 dart slugs
  3 orcs (D:3)
  5 bats
  8 endoplasms
  3 giant cockroaches
  5 hobgoblins
  2 jackals (D:3)
  2 kobolds (D:1)
  3 quokkas
  7 ball pythons
  4 frilled lizards
  7 goblins
  8 rats
72 creatures vanquished.

Notes
Turn   | Place    | Note
-------+----------+-------------------------------------------
     0 | D:1      | Shard1697 the Draconian Shapeshifter began the quest for
                  | the Orb.
     0 | D:1      | Reached XP level 1. HP: 16/16 MP: 1/1
   180 | D:1      | Reached XP level 2. HP: 23/23 MP: 2/2
   344 | D:1      | Reached skill level 4 in Unarmed Combat
   392 | D:1      | Reached XP level 3. HP: 28/28 MP: 3/3
  1275 | D:2      | Reached XP level 4. HP: 31/35 MP: 4/4
  1407 | D:2      | Reached skill level 5 in Unarmed Combat
  1464 | D:3      | Noticed a scorpion
  1472 | D:3      | Killed a scorpion
  1569 | D:3      | Reached XP level 5. HP: 40/40 MP: 5/5
  2242 | D:4      | HP: 2/40 [orc priest/divine providence (10)]
  2454 | D:4      | Noticed a lemure
  2583 | D:4      | Reached XP level 6. HP: 37/47 MP: 6/6
  2824 | D:4      | Slain by an ogre

Illustrated notes

Levels and vault maps discovered:
D:1:      dpeg_arrival_tiny_h, layout_rooms, minmay_pentomino_v4
D:2:      layout_loops_corners, chequers_serial_rivers_room_a, minmay_bisected
D:3:      minmay_evil_eye, layout_basic, serial_forest,
          infiniplex_forest_side_room, infiniplex_forest_diagonal,
          infiniplex_forest_fountain, infiniplex_forest_end_3,
          infiniplex_forest_zigzag_1, infiniplex_forest_lined_1
D:4:      layout_rooms, uniq_pikel

Skill      XL: |  1  2  3  4  5 |
---------------+----------------+-----
Unarmed Combat | 4 5 |  5.7
Shapeshifting  | 4 |  4.8
Fighting       | |  1.1
Dodging        | |  1.7

Action                     |  1- 3 |  4- 6 || total
---------------------------+-------+-------++-------
  Melee: Unarmed           |    81 |    93 ||   174
         Tailslap          |     6 |    15 ||    21
         Punch             |     1 |     6 ||     7
         Trident           |       |     4 ||     4
   Stab: Sleeping          |     3 |     2 ||     5
 Armour: Skin              |    12 |    31 ||    43
  Dodge: Dodged            |    54 |    56 ||   110

Table legend: (Time is in decaauts)
 A = Elapsed time spent in this place.
 B = Non-inter-level travel time spent in this place.
 C = Inter-level travel time spent in this place.
 D = Time resting spent in this place.
 E = Time spent auto-exploring this place.
 F = Levels seen in this place.
 G = Mean time per level.
                   A        B        C        D        E       F      G
               +--------+--------+--------+--------+--------+-----+--------+
         Total |   2811 |   2684 |    127 |    298 |   1765 |   4 |  702.8 |
       Dungeon |   2811 |   2684 |    127 |    298 |   1765 |   4 |  702.8 |
               +--------+--------+--------+--------+--------+-----+--------+

Top non-repeatable levels by time:
     D:3: 1036 daAuts
     D:2: 910 daAuts
     D:1: 536 daAuts
     D:4: 327 daAuts
